 Dungeon Crawl Stone Soup version 0.31-a0-1-g4198be8af4 (webtiles) character file.

Game seed: 6698791541554246333

66 NateTC the Digger (level 3, -9/19 HPs)
             Began as a Deep Elf Earth Elementalist on Apr 30, 2023.
             Mangled by an ogre
             ... wielding a +0 giant spiked club
              (18 damage)
             ... on level 4 of the Dungeon.
             The game lasted 00:05:08 (1126 turns).

NateTC the Digger (Deep Elf Earth Elementalist)     Turns: 1126, Time: 00:05:09

Health: -9/19      AC:  4    Str:  5    XL:     3   Next: 96%
Magic:  6/9        EV: 11    Int: 21    God:
Gold:   36         SH:  4    Dex: 15    Spells: 7/8 levels left

rFire   . . .        (no weapon)
rCold   . . .        h - +0 buckler
rNeg    . . .        a - +0 robe
rPois   .            l - +0 helmet
rElec   .            k - +0 cloak
rCorr   .            (no gloves)
SInv    .            (no boots)
Will    +....        (no amulet)
Stlth   ++           e - ring of willpower
HPRegen 0.23/turn    (no ring)
MPRegen 0.11/turn

%: no passive effects
@: lethally poisoned (-9 -> -11), very slightly contaminated
A: no striking features
a: no special abilities


You were on level 4 of the Dungeon.
You visited 1 branch of the dungeon, and saw 3 of its levels.

You collected 36 gold pieces.

Inventory:

Armour
 a - a +0 robe (worn)
 h - a +0 buckler (worn)
 k - a +0 cloak (worn)
 l - a +0 helmet (worn)
Jewellery
 e - a ring of willpower (left hand)
Scrolls
 c - 2 scrolls of teleportation
 m - a scroll of fog {unknown}
Potions
 b - 2 potions of magic
 d - a potion of ambrosia {unknown}
 f - 2 potions of curing
 g - 2 potions of lignification {unknown}
 i - a potion of brilliance {unknown}
 j - a potion of heal wounds {unknown}


   Skills:
 - Level 2.4 Dodging
 - Level 2.4 Stealth
 * Level 1.7 Shields
 - Level 3.1 Spellcasting
 * Level 2.7 Conjurations
 - Level 1.1 Transmutations
 - Level 3.4 Earth Magic


You had 7 spell levels left.
You knew the following spells:

 Your Spells              Type           Power      Damage    Failure   Level
a - Sandblast             Erth           34%        2d9       6%          1

Your spell library contained the following spells:

 Spells                   Type           Power      Damage    Failure   Level
 Passwall                 Tmut/Erth      10%        N/A       14%         2
 Stone Arrow              Conj/Erth      32%        3d9       21%         3
 Inner Flame              Hex/Fire       3%         N/A       56%         3
 Petrify                  Tmut/Erth      12%        N/A       67%         4
 Yara's Violent Unravell  Hex/Tmut       2%         3d3       99%         5
 Enfeeble                 Hex            1%         N/A       100%        7


Dungeon Overview and Level Annotations

Branches:
Dungeon (2/15) Zot: 16850

Altars:

Shops:
D:4 ?


Message History

m - a scroll labelled BOR TEEKOQ A worm comes into view.
Found Risauhas's Magic Scroll Shoppe.
A ball python and a hound come into view.
The blast of sand hits the ball python!
You kill the ball python!
The blast of sand hits the worm!
The worm is severely wounded.
The blast of sand hits the worm!
You kill the worm!
A hound is nearby!
You start resting.
Magic restored.
There is an entrance to Risauhas's Magic Scroll Shoppe here.
Enter note: An ogre comes into view. It is wielding a +0 giant spiked club.
The ogre shouts!
You hear an angry hiss. x2
This spell is extremely dangerous to cast!
Memorise Stone Arrow, consuming 3 spell levels and leaving 4?
You start memorising the spell.
You continue memorising. x3
You block the adder's attack.
Your memorisation is interrupted.
The adder bites you.
You are poisoned.
The adder poisons you!
The blast of sand hits the ogre!
The ogre is heavily wounded.
You feel very sick. The ogre misses you.
The adder bites you but does no damage. You block the adder's attack.
You miscast Sandblast.
You are very lightly contaminated with residual magic.
Nothing appears to happen.
You feel sick.
The ogre hits you with a +0 giant spiked club.
The adder bites you but does no damage.
The blast of sand hits the ogre!
The ogre is severely wounded.
You feel sick. The adder barely misses you.
The ogre hits you with a +0 giant spiked club!!
Ouch! That really hurt!
You die...

.. ... ##### ... ...#
.... #.#########....
####.#####....†.........
......O@S..##.∩.#..###..
#.##.#####.#....##.###
.....#......#
##########.#.##.
#.......#. #.##......
########.####..##
#......#.##....#
#......#.##.##.#


You could see an ogre and an adder.

Vanquished Creatures
  Robin (D:2)
  An adder (D:2)
  2 worms
  2 dart slugs (D:1)
  A giant cockroach (D:1)
  10 goblins
  2 hobgoblins (D:2)
  2 jackals (D:2)
  4 kobolds
  A quokka (D:1)
  6 ball pythons
  2 frilled lizards (D:1)
  A rat (D:1)
35 creatures vanquished.

Vanquished Creatures (others)
  A fungus (D:4)
1 creature vanquished.

Grand Total: 36 creatures vanquished

Notes
Turn   | Place    | Note
-------+----------+-------------------------------------------
     0 | D:1      | NateTC the Deep Elf Earth Elementalist began the quest for
                  | the Orb.
     0 | D:1      | Reached XP level 1. HP: 10/10 MP: 6/6
   337 | D:1      | Reached skill level 1 in Conjurations
   403 | D:1      | Reached XP level 2. HP: 15/15 MP: 5/8
   779 | D:2      | Reached skill level 1 in Shields
   779 | D:2      | Reached XP level 3. HP: 19/19 MP: 7/9
   915 | D:2      | Noticed Robin
   946 | D:2      | Killed Robin
  1061 | D:2      | You fall into a shaft and drop 2 floors!
  1079 | D:4      | Found Risauhas's Magic Scroll Shoppe.
  1118 | D:4      | Noticed an ogre
  1126 | D:4      | Mangled by an ogre

Illustrated notes

Levels and vault maps discovered:
D:1:      dpeg_arrival_lava_altar, layout_rooms, chequers_serial_rivers_marsh
D:2:      layout_loops_ring, uniq_robin
D:4:      lemuel_castle_with_subvaults [lemuel_castle_interior_original],
          layout_loops_cross, serial_shops, nicolae_shop_stone, serial_aquarium,
          aquarium_bridge_square [aquarium_subvault_bridge,
          aquarium_subvault_bridge, aquarium_subvault_wall,
          aquarium_subvault_window], aquarium_window_3, aquarium_window_fake,
          aquarium_window_2, aquarium_view_2c, aquarium_view_2c, uniq_edmund,
          uniq_eustachio

Skill      XL: |  1  2 |
---------------+-------+-----
Conjurations   | 1 2 |  2.7
Shields        | 1 |  1.7
Dodging        | |  2.4
Stealth        | |  2.4
Spellcasting   | |  3.1
Transmutations | |  1.1
Earth Magic    | |  3.4

Action                     || total
---------------------------++-------
  Melee: Unarmed           ||     1
   Cast: Sandblast         ||    43
    Use: Scroll            ||     3
 Armour: Robe              ||     6
  Dodge: Dodged            ||     8
  Block: Buckler           ||     3

Table legend: (Time is in decaauts)
 A = Elapsed time spent in this place.
 B = Non-inter-level travel time spent in this place.
 C = Inter-level travel time spent in this place.
 D = Time resting spent in this place.
 E = Time spent auto-exploring this place.
 F = Levels seen in this place.
 G = Mean time per level.
                   A        B        C        D        E       F      G
               +--------+--------+--------+--------+--------+-----+--------+
         Total |   1148 |   1122 |     26 |    388 |    156 |   3 |  382.7 |
       Dungeon |   1148 |   1122 |     26 |    388 |    156 |   3 |  382.7 |
               +--------+--------+--------+--------+--------+-----+--------+

Top non-repeatable levels by time:
     D:1: 759 daAuts
     D:2: 321 daAuts
     D:4: 66 daAuts
